 Dungeon Crawl Stone Soup version 0.31-a0-180-g519b7de00c (webtiles) character file.

Game seed: 426132093767315780

336 qw the Shield-Bearer (level 6, -7/37 HPs)
             Began as a Gargoyle Fighter on June 19, 2023.
             Killed by divine providence
             ... invoked by an orc priest
              (10 damage)
             ... on level 4 of the Dungeon.
             The game lasted 00:01:32 (2965 turns).

qw the Shield-Bearer (Gargoyle Fighter)             Turns: 2965, Time: 00:01:33

Health: -7/37      AC: 13    Str: 22    XL:     6   Next: 54%
Magic:  6/6        EV:  7    Int:  8    God:
Gold:   270        SH: 13    Dex:  9    Spells: 5/5 levels left

rFire   . . .        Y - +1 war axe
rCold   . . .        f - +0 tower shield
rNeg    + . .        b - +0 scale mail
rPois   inf          k - +0 helmet
rElec   +            (no cloak)
rCorr   .            (no gloves)
SInv    .            a - +0 pair of boots
Will    +....        (no amulet) Stlth
                     h - ring of willpower
HPRegen 0.26/turn    (no ring)
MPRegen 0.10/turn

%: no passive effects
@: no status effects
A: sickness immunity, AC +4, negative energy resistance 1, electricity
resistance, torment resistance 1, petrification resistance
a: no special abilities


You were on level 4 of the Dungeon.
You visited 1 branch of the dungeon, and saw 4 of its levels.

You collected 270 gold pieces.


Innate Abilities, Weirdness & Mutations

You are immune to sickness and miasma.
Your stone body is resilient. (AC +4)
You are immune to poison.
You resist negative energy. (rN+)
You are resistant to electric shocks. (rElec)
You are resistant to unholy torment.
You are immune to petrification.


   Skills:
 - Level 3.2 Fighting
 + Level 3.3 Axes
 - Level 3.2 Armour
 - Level 7.0 Shields


You had 5 spell levels left.
You didn't know any spells.
Your spell library was empty.

Inventory:

Hand Weapons
 m - a +0 morningstar
 Y - a +1 war axe (weapon)
Armour
 a - a +0 pair of boots (worn)
 b - a +0 scale mail (worn)
 e - a +0 chain mail
 f - a +0 tower shield (worn)
 k - a +0 helmet (worn)
Jewellery
 h - a ring of willpower (left hand)
 j - a ring of magical power
 q - a ring of fire
Scrolls
 o - 2 scrolls of identify
Potions
 c - a potion of degeneration {unknown}
 d - 2 potions of might
 i - a potion of magic {unknown}
 l - 2 potions of attraction {unknown}
 n - a potion of heal wounds {unknown}
 p - 3 potions of curing

Dungeon Overview and Level Annotations

Branches:
Dungeon (4/15)
 Temple: D:4-7

Altars:
Gozag


Message History

The orc wizard flickers and vanishes!
Deactivating autopickup; reactivate with Ctrl-A.
An iguana comes into view.
The iguana hisses angrily.
The orc blocks your attack.
The orc is lightly wounded.
You hit something. You slash the jelly!
Your hands burn!
The orc hits you but does no damage. Something hits you but does no damage.
The jelly hits you but does no damage. Something hits you.
The jelly hits you but does no damage.
The orc priest invokes the aid of Beogh against you.
You block the orc's attack.
You slash the jelly!
You kill the jelly!
You closely miss something. You hit the orc.
The orc hits you with a +0 great mace.
The orc priest invokes the aid of Beogh against you.
Something hits you but does no damage. The orc blocks your attack.
The orc is moderately wounded.
You miss something. You barely miss the hobgoblin. You block the orc's attack.
The hobgoblin hits you but does no damage.
The hobgoblin closely misses you. The orc blocks your attack.
The orc is moderately wounded.
You hit the hobgoblin. You closely miss something. You block the orc's attack.
The hobgoblin hits you.
The orc priest mumbles some strange prayers to Beogh against you.
Beogh smites you! Something hits you but does no damage.
The orc priest calls upon Beogh to heal the orc.
The orc's wounds heal themselves!
Something hits you. You block the hobgoblin's attack.
You block the orc's attack.
You hit the hobgoblin.
You kill the hobgoblin!
You hit something but do no damage. You hit the orc.
Something hits you but does no damage. The orc hits you with a +0 great mace!
The orc priest calls down the wrath of Beogh upon you.
Beogh smites you!
You die...

.... ... # ... ##.# .. ...
# ###'# # #. .o.# ##
......####ol# .##
..........@.# # #.#
.....#.#....#.# #.# ..#
..... #..#...#.##.#
#.####..... #........##.#
.......#######.#########.#
#......##................#
.......##.#..#.#####.)...##
#..##.###....#.#<..#.##...#
..........##...###.#.###..#


You could see an iguana, an orc priest and an orc (reflecting).

Vanquished Creatures
  A phantom (D:4)
  A jelly (D:4)
  An orc priest (D:4)
  An iguana (D:4)
  Robin (D:3)
  6 adders
  3 dart slugs
  19 orcs
  5 bats
  7 endoplasms
  A giant cockroach (D:3)
  10 goblins
  9 hobgoblins
  6 kobolds
  3 quokkas
  6 ball pythons
  3 frilled lizards
  5 rats
88 creatures vanquished.

Notes
Turn   | Place    | Note
-------+----------+-------------------------------------------
     0 | D:1      | qw the Gargoyle Fighter began the quest for the Orb.
     0 | D:1      | Reached XP level 1. HP: 14/14 MP: 1/1
     0 | D:1      | 0 ||| qw: Version: 0.3-a-7-ge0c9b40
     0 | D:1      | 0 ||| qw: Game counter: 1003
     0 | D:1      | 0 ||| qw: Always use a shield: true
     0 | D:1      | 0 ||| qw: God list: Okawaru
     0 | D:1      | 0 ||| qw: Allow faded altars: false
     0 | D:1      | 0 ||| qw: Do Orc after D:15 true
     0 | D:1      | 0 ||| qw: Do second Lair branch before Depths: true
     0 | D:1      | 0 ||| qw: Lair rune preference: random
     0 | D:1      | 0 ||| qw: Plans: Normal, Zot:1-4, Slime:5, God:TSO, Crypt,
                  | Tomb, Abyss, Pan, Hells, Win
     0 | D:1      | 0 ||| PLANNING D:1-11
   189 | D:1      | Reached XP level 2. HP: 19/19 MP: 2/2
   843 | D:1      | 843 ||| UPGRADING to +0 tower shield.
   853 | D:1      | 853 ||| DROPPING +0 buckler.
   854 | D:1      | 854 ||| READING scroll labelled UMAMYGUEFUH.
   859 | D:1      | 859 ||| READING scroll labelled GEMISINUAH.
   860 | D:1      | 860 ||| READING scroll labelled REESHO REOTZ.
   861 | D:1      | 861 ||| READING scroll labelled CYB GEPIDGHEN.
   862 | D:1      | 862 ||| READING scroll labelled YLIKIRCHOJA.
   863 | D:1      | 863 ||| READING scroll labelled CESUNA LORHA.
   864 | D:1      | 864 ||| DRINKING 2 golden potions.
   865 | D:1      | 865 ||| DROPPING potion of brilliance.
   980 | D:2      | 980 ||| Stepping ~*~*~tactically~*~*~ (hiding).
  1058 | D:2      | Reached XP level 3. HP: 20/23 MP: 3/3
  1125 | D:2      | Reached skill level 4 in Shields
  1191 | D:2      | 1191 ||| Stepping ~*~*~tactically~*~*~ (hiding).
  1192 | D:2      | 1192 ||| Stepping ~*~*~tactically~*~*~ (hiding).
  1193 | D:2      | 1193 ||| Stepping ~*~*~tactically~*~*~ (hiding).
  1628 | D:2      | 1628 ||| UPGRADING to +0 pair of boots.
  1633 | D:2      | 1633 ||| READING scroll labelled PUMETUIGIE.
  1634 | D:2      | 1634 ||| DRINKING 2 fuming golden potions.
  1679 | D:3      | Reached XP level 4. HP: 28/28 MP: 4/4
  1793 | D:3      | 1793 ||| Stepping ~*~*~tactically~*~*~ (stealth).
  1795 | D:3      | 1795 ||| Stepping ~*~*~tactically~*~*~ (hiding).
  1825 | D:3      | Noticed Robin
  1836 | D:3      | Killed Robin
  1837 | D:3      | Reached skill level 5 in Shields
  1876 | D:3      | Found an opulent altar of Gozag.
  1992 | D:3      | 1992 ||| DROPPING +0 mace.
  2055 | D:3      | Reached skill level 3 in Axes
  2159 | D:3      | Reached XP level 5. HP: 32/32 MP: 5/5
  2206 | D:3      | 2206 ||| Stepping ~*~*~tactically~*~*~ (stealth).
  2352 | D:3      | Found a faded altar of an unknown god.
  2445 | D:3      | 2445 ||| UPGRADING to +0 helmet.
  2450 | D:3      | 2450 ||| DROPPING amulet of magic regeneration.
  2451 | D:3      | 2451 ||| UPGRADING to ring of willpower.
  2452 | D:3      | 2452 ||| READING scroll labelled HYKHUA NAWY.
  2453 | D:3      | 2453 ||| READING scroll labelled COPIRUSS DASEA.
  2554 | D:4      | 2554 ||| Stepping ~*~*~tactically~*~*~ (hiding).
  2566 | D:4      | HP: 6/32 [something/magic dart (11)]
  2567 | D:4      | 2567 ||| READING scroll of teleportation.
  2574 | D:4      | HP: 2/32 [orc/+0 flail (7)]
  2583 | D:4      | Reached skill level 6 in Shields
  2592 | D:4      | HP: 2/32 [orc/+0 flail (6)]
  2729 | D:4      | Noticed a phantom
  2742 | D:4      | Killed a phantom
  2743 | D:4      | Reached XP level 6. HP: 26/37 MP: 6/6
  2763 | D:4      | 2763 ||| Stepping ~*~*~tactically~*~*~ (stealth).
  2767 | D:4      | 2767 ||| Stepping ~*~*~tactically~*~*~ (stealth).
  2768 | D:4      | 2768 ||| Stepping ~*~*~tactically~*~*~ (stealth).
  2773 | D:4      | 2773 ||| Stepping ~*~*~tactically~*~*~ (stealth).
  2774 | D:4      | 2774 ||| Stepping ~*~*~tactically~*~*~ (stealth).
  2775 | D:4      | 2775 ||| Stepping ~*~*~tactically~*~*~ (stealth).
  2779 | D:4      | 2779 ||| Stepping ~*~*~tactically~*~*~ (stealth).
  2781 | D:4      | 2781 ||| Stepping ~*~*~tactically~*~*~ (stealth).
  2846 | D:4      | Reached skill level 7 in Shields
  2965 | D:4      | HP: 3/37 [orc/+0 great mace (13)]
  2965 | D:4      | Killed from afar by an orc priest

Levels and vault maps discovered:
D:1:      dpeg_arrival_erosion, layout_basic,
          hangedman_abyss_or_decor_lesser_grid
D:2:      layout_loops_cross
D:3:      layout_loops_ring, mainiacjoe_overflow_24_doors,
          hellmonk_ecumenical_altar_defaced_shrine, uniq_robin
D:4:      layout_basic, nicolae_ru_awakened_eye, serial_shops,
          nicolae_shop_tiny_statue_garden, hex_large

Skill      XL: |  1  2  3  4  5  6 |
---------------+-------------------+-----
Axes           | 2 3 |  3.3
Shields        | 4 5 6 7 |  7.0
Fighting       | |  3.2
Armour         | |  3.2

Action                     |  1- 3 |  4- 6 || total
---------------------------+-------+-------++-------
  Melee: War axe           |    62 |   152 ||   214
  Throw: Boomerang         |       |     2 ||     2
    Use: Scroll            |     7 |     3 ||    10
         Potion            |     2 |       ||     2
 Armour: Scale mail        |    23 |    83 ||   106
  Dodge: Dodged            |    20 |    45 ||    65
  Block: Buckler           |     3 |       ||     3
         Tower shield      |     8 |   102 ||   110

Table legend:
 A = Non-vault XP
 B = Vault XP
 C = Vault XP percentage of total XP
 D = Non-vault monster count
 E = Vault monster count
 F = Vault count percentage of total count
                 A         B        C        D         E       F
            +---------+---------+-------+---------+---------+-------
      Total |     436 |      47 |   9.7 |      74 |      14 |  15.9
            +---------+---------+-------+---------+---------+-------
        D:1 |      20 |       0 |   0.0 |      11 |       0 |   0.0
        D:2 |      60 |       0 |   0.0 |      21 |       0 |   0.0
        D:3 |      64 |      47 |  42.3 |      17 |      14 |  45.2
        D:4 |     292 |       0 |   0.0 |      25 |       0 |   0.0
            +---------+---------+-------+---------+---------+-------
